 Dungeon Crawl Stone Soup version 0.21.1 (webtiles) character file.

4484 JirkfaceJones the Archer (level 10, -4/84 HPs)
             Began as a Centaur Hunter on Feb 3, 2018.
             Was an Elder of Okawaru.
             Slain by a jumping spider (10 damage)
             ... summoned by a deep elf mage
             ... in a bailey on Feb 4, 2018.
             The game lasted 00:31:46 (8594 turns).

JirkfaceJones the Archer (Centaur Hunter)           Turns: 8594, Time: 00:31:47

Health: -4/84      AC: 14    Str: 15    XL:     10   Next: 16%
Magic:  10/10      EV:  5    Int: 10    God:    Okawaru [****..]
Gold:   646        SH:  0    Dex: 13    Spells: 9/9 levels left

rFire    . . .     SeeInvis +   a - +0 long sword
rCold    . . .     Gourm    .   (no shield)
rNeg     . . .     Faith    .   p - +3 troll leather armour {Purgy}
rPois    .         Spirit   .   q - +2 helmet
rElec    .         Reflect  .   H - +0 cloak
rCorr    .         Harm     .   j - +1 pair of gloves
MR       .....                  (no barding)
Stlth    +.........             (no amulet)
HPRegen  0.64/turn              l - ring of see invisible
MPRegen  0.12/turn              A - +1 ring of slaying

@: held, heavily drained, very quick
A: large, hooves 3, deformed body, speed 2, tough skin 3
a: Heroism, Renounce Religion


You were in a bailey.
You worshipped Okawaru.
Okawaru was greatly pleased with you.
You were not hungry.

You visited 2 branches of the dungeon, and saw 9 of its levels.
You also visited: Sewer, Ossuary and Bailey.

You collected 646 gold pieces.

Inventory:

Hand Weapons
 a - a +0 long sword (weapon)
 b - a +1 shortbow
 k - a +2 dagger of venom
 r - a +1 dagger of freezing
 t - a +0 short sword
 w - a +0 blowgun
 F - a cursed +0 dagger
 O - a +0 shortbow
Missiles
 d - 144 arrows
 x - 59 poisoned needles
Armour
 c - a +0 leather armour
 j - a +1 pair of gloves (worn)
 m - a +0 pair of boots
 p - a +3 troll leather armour (worn) {Purgy}
 q - a +2 helmet (worn)
 v - a +0 cloak
 E - a +2 robe of fire resistance
 H - a +0 cloak (worn)
 I - a +0 ring mail
Jewellery
 l - a ring of see invisible (left hand)
 A - a +1 ring of slaying (right hand)
Wands
 n - a wand of flame (67)
 D - a wand of disintegration (18)
Scrolls
 e - 5 scrolls of teleportation
 h - 2 scrolls of enchant weapon
 i - 2 scrolls of remove curse
 u - 2 scrolls of amnesia
 y - a scroll of random uselessness
 G - 2 scrolls of fog
 L - 3 scrolls of identify
 M - a scroll of immolation {unknown}
 N - a scroll of enchant armour
Potions
 g - 2 potions of magic
 o - 2 potions of ambrosia
 s - 2 potions of brilliance
 z - 3 potions of haste
 B - 4 potions of flight
 C - 4 potions of lignification
 J - 2 potions of curing
Comestibles
 f - 6 rations


   Skills:
 + Level 6.5(4.5) Fighting
 - Level 2.9(3.2) Short Blades
 * Level 6.6(4.9) Long Blades
 + Level 9.7(7.5) Bows
 + Level 4.4(2.5) Armour
 + Level 4.9(3.0) Dodging
 - Level 0.4(0.0) Stealth


You had 9 spell levels left.
You didn't know any spells.

Dungeon Overview and Level Annotations

Branches:
Dungeon (8/15)             Temple (1/1) D:6
   Lair: D:8-11

Altars:
Ashenzari
Cheibriados
Dithmenos
Elyvilon
Fedhas
Gozag
Hepliaklqana
Kikubaaqudgha
Makhleb
Nemelex Xobeh
Okawaru
Qazlal
Ru
Sif Muna
Trog
Uskayaw
Vehumet
Wu Jian
Xom
Yredelemnul
Zin
The Shining One

Shops:
D:5 ?   D:6 *?[%(


Innate Abilities, Weirdness & Mutations

You have hooves in place of feet.
Armour fits poorly on your strangely shaped body.
You cover ground very quickly.
You have extremely tough skin. (AC +3)


Message History

The hell rat bites you but does no damage.
Okay, then.
You struggle to detach yourself from the web.
The deep elf mage hits you with a rapier.
* * * LOW HITPOINT WARNING * * *
The hell rat bites you!
* * * LOW HITPOINT WARNING * * *
Unknown command.
You struggle to detach yourself from the web.
The jumping spider leaps!
The hell rat completely misses you.
The deep elf mage casts a spell.
The deep elf mage blinks!
The jumping spider pounces on you but does no damage.
The jumping spider barely misses you.
You feel better. The hell rat bites you.
* * * LOW HITPOINT WARNING * * *
You feel drained.
* * * LOW HITPOINT WARNING * * *
The jumping spider pounces on you!
You die...

#####
######...##
##..##..∩..#
#r§..#.....#
#.@s.##...##
##..##'####
###§..#
#..e..#
#..∩..#
#.....#
##....#
#####+


You could see a deep elf mage, a jumping spider and a hell rat.

Vanquished Creatures
  Pikel (D:6)
  Prince Ribbit (D:7)
  Sigmund (D:2)
  Eustachio (D:4)
  Edmund (D:4)
  The ghost of TheDoctor the Shield-Bearer, an amateur OpFi of Okawaru (D:3)
  Purgy (Sewer)
  A water moccasin (D:5)
  An orc warrior (D:8)
  2 ice beasts
  A slave (D:6)
  2 phantoms
  2 sky beasts (D:8)
  An ogre (D:7)
  A necrophage (D:4)
  A centaur (D:8)
  Blork the orc (D:4)
  A bullfrog (D:7)
  A big kobold (D:7)
  2 scorpions
  13 killer bees
  3 wights (D:6)
  5 crimson imps
  A howler monkey (D:4)
  A centaur zombie (D:6)
  3 hounds
  A bullfrog skeleton (D:4)
  2 jellies
  2 orc priests
  4 orc wizards
  Natasha (thrice) (D:2)
  3 iguanas
  6 worker ants
  2 big kobold zombies (Ossuary)
  8 mummies (Ossuary)
  Robin (D:2)
  4 adders
  7 gnolls
  A shadow imp (D:8)
  A worm (D:3)
  A dart slug (D:1)
  2 leopard geckos
  12 orcs
  4 bats
  3 giant cockroaches
  6 hobgoblins
  13 jackals
  3 quokkas
  2 frilled lizards (D:4)
  13 goblins
  2 hobgoblin zombies (Ossuary)
  17 kobolds
  2 kobold zombies (Ossuary)
  2 orc zombies (Ossuary)
  8 rats
185 creatures vanquished.

Notes
Turn   | Place    | Note
-------+----------+-------------------------------------------
     0 | D:1      | JirkfaceJones the Centaur Hunter began the quest for the Orb.
     0 | D:1      | Reached XP level 1. HP: 17/17 MP: 1/1
   241 | D:1      | Reached XP level 2. HP: 24/24 MP: 2/2
   746 | D:1      | Reached skill level 1 in Short Blades
   878 | D:1      | You fall through a shaft!
   894 | D:2      | Reached XP level 3. HP: 30/30 MP: 3/3
  1224 | D:2      | Noticed Sigmund
  1258 | D:2      | Killed Sigmund
  1258 | D:2      | Reached skill level 6 in Bows
  1258 | D:2      | Reached skill level 1 in Armour
  1258 | D:2      | Reached XP level 4. HP: 4/38 MP: 4/4
  1258 | D:2      | Reached XP level 5. HP: 4/45 MP: 5/5
  2028 | D:2      | Found a sacrificial altar of Ru.
  2031 | D:2      | Found an iron altar of Okawaru.
  2031 | D:2      | Noticed Natasha
  2038 | D:2      | Killed Natasha
  2161 | D:2      | Found a glowing silver altar of Zin.
  2164 | D:2      | Found a stormy altar of Qazlal.
  2172 | D:2      | Noticed Natasha
  2184 | D:2      | Killed Natasha
  2184 | D:2      | Reached XP level 6. HP: 39/51 MP: 6/6
  2197 | D:2      | Became a worshipper of Warmaster Okawaru
  2408 | D:2      | Noticed Robin
  2422 | D:2      | Killed Robin
  2521 | D:2      | Found a shattered altar of Ashenzari.
  2524 | D:2      | Found a snail-covered altar of Cheibriados.
  2527 | D:2      | Found a hide-covered altar of Uskayaw.
  2546 | D:2      | Noticed Natasha
  2558 | D:2      | Killed Natasha
  2683 | D:3      | Noticed TheDoctor's ghost (amateur OpFi)
  2845 | D:3      | Found a hazy altar of Hepliaklqana.
  3073 | D:3      | Found a glowing drain.
  3089 | Sewer    | Entered a sewer
  3331 | Sewer    | Noticed Purgy
  3387 | Sewer    | HP: 1/76 [Purgy (5)]
  3398 | Sewer    | Killed Purgy
  3608 | D:3      | Killed TheDoctor's ghost
  3608 | D:3      | Reached XP level 7. HP: 22/58 MP: 7/7
  4140 | D:4      | Reached skill level 7 in Bows
  4148 | D:4      | Reached * piety under Okawaru
  4196 | D:4      | Noticed Edmund
  4494 | D:4      | Killed Edmund
  4494 | D:4      | Reached skill level 1 in Long Blades
  4803 | D:4      | Noticed Eustachio
  4814 | D:4      | Reached XP level 8. HP: 54/67 MP: 8/8
  4835 | D:4      | Killed Eustachio
  4925 | D:4      | Reached ** piety under Okawaru
  5164 | D:4      | Noticed Blork the orc
  5260 | D:4      | Killed Blork the orc
  5565 | D:5      | Entered Level 5 of the Dungeon
  5587 | D:5      | Reached skill level 8 in Bows
  5649 | D:5      | Found a sparkling altar of Nemelex Xobeh.
  6084 | D:5      | Reached skill level 5 in Fighting
  6462 | D:5      | Found Goox Xishre's Magic Scroll Boutique.
  6769 | D:6      | Reached *** piety under Okawaru
  6784 | D:6      | Reached XP level 9. HP: 68/74 MP: 9/9
  6896 | D:6      | Found Gouxiam's Food Boutique.
  6985 | D:6      | Found a sand-covered staircase.
  6990 | Ossuary  | Entered an ossuary
  7518 | D:6      | Found Jauv's Antique Armour Shop.
  7527 | D:6      | Noticed Pikel
  7528 | D:6      | Found Wiasos's Magic Scroll Emporium.
  7550 | D:6      | Killed Pikel
  7550 | D:6      | Reached skill level 5 in Long Blades
  7550 | D:6      | Reached skill level 9 in Bows
  7563 | D:6      | Found Silotus's General Store.
  7591 | D:6      | Found a staircase to the Ecumenical Temple.
  7600 | Temple   | Entered the Ecumenical Temple
  7837 | D:6      | Found Tufiji's Antique Weapon Shoppe.
  7940 | D:7      | Noticed Prince Ribbit
  7959 | D:7      | Killed Prince Ribbit
  7985 | D:7      | Reached **** piety under Okawaru
  8360 | D:7      | You fall through a shaft!
  8404 | D:8      | Reached XP level 10. HP: 84/84 MP: 10/10
  8510 | D:8      | Found a flagged portal.
  8548 | Bailey   | Entered a bailey
  8579 | Bailey   | Noticed a deep elf mage
  8592 | Bailey   | HP: 1/84 [hell rat[a deep elf mage] (10)]
  8594 | Bailey   | Slain by a jumping spider

Skill      XL: |  1  2  3  4  5  6  7  8  9 |
---------------+----------------------------+-----
Short Blades   | 1 2 |  2.9
Fighting       | 3 4 5 6 |  6.5
Bows           | 6 7 8 9 |  9.7
Armour         | 1 2 3 4 |  4.4
Dodging        | 2 3 4 |  4.9
Long Blades    | 2 4 6 |  6.6
Stealth        | |  0.4

Action                   |  1- 3 |  4- 6 |  7- 9 | 10-12 || total
-------------------------+-------+-------+-------+-------++-------
Melee: Short sword       |    64 |   243 |    43 |       ||   350
       Kick              |     8 |    47 |   140 |    23 ||   218
       Long sword        |       |       |   461 |    67 ||   528
       Punch             |       |       |     2 |       ||     2
 Fire: Shortbow          |    11 |    13 |    99 |       ||   123
Invok: Heroism           |       |       |     2 |     1 ||     3
  Use: Scroll            |       |     5 |    14 |       ||    19
       Potion            |       |     2 |     3 |     3 ||     8
  Eat: Chunk             |       |     7 |     6 |       ||    13
       Ration            |       |       |     2 |     1 ||     3
Armor: Leather armour    |    22 |   107 |       |       ||   129
       Skin              |       |    50 |       |       ||    50
       Troll leather arm |       |     4 |   249 |    54 ||   307
Dodge: Dodged            |    22 |   122 |   295 |    77 ||   516
       Rpst.: Long sword |       |       |    97 |    19 ||   116
